 Dungeon Crawl Stone Soup version 0.20-a0-2-g2b0e13a (webtiles) character file.

16 Malachi the Skirmisher (level 2, -4/24 HPs)
             Began as a Demonspawn Abyssal Knight on Mar 9, 2016.
             Was a Follower of Lugonu.
             Killed by divine providence
             ... invoked by an orc priest
              (12 damage)
             ... on level 4 of the Dungeon on Oct 28, 2016.
             The game lasted 00:02:46 (511 turns).

Malachi the Skirmisher (Demonspawn Abyssal Knight)   Turns: 511, Time: 00:02:47

Health: -4/24      AC:  6    Str: 12    XL:     2   Next: 37%
Magic:  3/3        EV: 10    Int: 13    God:    Lugonu [*.....]
Gold:   43         SH:  3    Dex: 12    Spells: 0 memorised, 1 level left

rFire  . . .     SeeInvis .     a - +1 spear
rCold  . . .     Gourm    .     b - +0 leather armour
rNeg   . . .     Faith    .     g - +0 buckler
rPois  .         Spirit   .     (no helmet)
rElec  .         Reflect  .     (no cloak)
rCorr  .         Harm     .     d - +2 pair of gloves
MR     .....                    (no boots)
Stlth  +.........               (no amulet)
                                (no ring)
                                f - ring of wizardry

@: no status effects
A: powered by pain 1
a: Depart the Abyss, Renounce Religion


You were on level 4 of the Dungeon.
You worshipped Lugonu.
Lugonu was aware of your devotion.
You were not hungry.

You visited 1 branch of the dungeon, and saw 4 of its levels.
You visited the Abyss 1 time.

You collected 43 gold pieces.

Inventory:

Hand Weapons
 a - a +1 spear (weapon)
Armour
 b - a +0 leather armour (worn)
 d - a +2 pair of gloves (worn)
 g - a +0 buckler (worn)
Jewellery
 f - a ring of wizardry (left hand)
Scrolls
 e - a scroll of enchant armour {unknown}
Potions
 i - a potion of flight {unknown}
 j - a potion of lignification {unknown}
Comestibles
 c - 3 bread rations
 h - a beef jerky


   Skills:
 + Level 3.2 Fighting
 + Level 2.2 Polearms
 + Level 1.8 Armour
 + Level 1.0 Dodging
 + Level 2.6 Invocations


You had one spell level left.
You didn't know any spells.

Dungeon Overview and Level Annotations

Branches:
Dungeon (4/15)
 Temple: D:4-7

Altars:


Innate Abilities, Weirdness & Mutations

You sometimes gain a little power by taking damage.


Message History

The orc moves out of view.
An orc priest comes into view. It is wielding a dagger.
The orc priest shouts!
The orc hits you with a flail!
An orc comes into view. It is wielding a whip.
You closely miss the orc. The orc hits you with a flail.
The orc priest looks encouraged for a moment.
You hit the orc.
The orc is almost dead.
The orc priest calls down the wrath of Beogh upon you.
Beogh smites you! The orc barely misses you.
An orc priest comes into view.
The orc priest shouts!
Your shield and leather armour prevent you from hitting the orc.
The orc is almost dead.
The orc hits you but does no damage.
The orc priest calls down the wrath of Beogh upon you.
Beogh smites you!
Ouch! That really hurt!
You die...

#.# .# #.#
#######.###
#.#
#..........
#.# #........
#.# #..#...
#.####..#.##.#
#............#
#######.####.#
#@####.#
#..ooo.#
######o#


You could see 2 orc priests and 2 orcs.

Vanquished Creatures
  An adder (D:4)
  3 giant cockroaches
  A kobold (D:3)
  A bat (D:1)
  A rat (D:2)
7 creatures vanquished.

Notes
Turn   | Place    | Note
-------+----------+-------------------------------------------
     0 | Abyss:1  | Malachi the Demonspawn Abyssal Knight began the quest for the Orb.
     0 | Abyss:1  | Reached XP level 1. HP: 18/18 MP: 2/2
     8 | Abyss:1  | Found a corrupted altar of Lugonu.
    67 | D:1      | Escaped the Abyss
   205 | D:1      | Upgraded the game from 0.18-a0-1535-g243bd92 to 0.20-a0-2-g2b0e13a
   395 | D:4      | Reached skill level 1 in Dodging
   407 | D:4      | Gained mutation: You sometimes gain a little power by taking damage. [demonic ancestry]
   407 | D:4      | Reached XP level 2. HP: 16/24 MP: 3/3
   511 | D:4      | Killed from afar by an orc priest

Vault maps used:
D:1:      dpeg_arrival_tiny_a, nrook_loot_triangle
D:3:      fedhas_altar_fruit_tree
D:4:      grunt_temple_overflow_holy_war, elyvilon_altar_1,
          lightli_temple_of_fire, first_bread

Skill      XL: |  1 |
---------------+----+-----
Polearms       | 2 |  2.2
Dodging        | 1 |  1.0
Fighting       | |  3.2
Armour         | |  1.8
Invocations    | |  2.6

Action                   || total
-------------------------++-------
Melee: Spear             ||    23
       Spear             ||     4
Armor: Leather armour    ||     9
Dodge: Dodged            ||    16
Block: Buckler           ||     3
